 Dungeon Crawl Stone Soup version 0.15.0-16-gce31824 (webtiles) character file.

832 Heini the Covered (level 7, -4/64 HPs)
             Began as a Minotaur Fighter on Sept 6, 2014.
             Killed from afar by an oklob plant (9 damage)
             ... with a splash of acid
             ... on Level 4 of the Dungeon.
             The game lasted 00:11:37 (4171 turns).

Heini the Covered (Minotaur Fighter)                Turns: 4171, Time: 00:11:38

HP  -4/64        AC  7     Str 23      XL: 7   Next: 65%
MP   3/3         EV  9     Int  5      God:
Gold 189         SH  9     Dex  9      Spells:  0 memorised,  6 levels left

rFire  . . .     SeeInvis .     u - +0 morningstar
rCold  . . .     Clarity  .     b - +0 scale mail
rNeg   . . .     rCorr    .     c - +0 shield
rPois  .         rRot     .     (helmet restricted)
rElec  .         Spirit   .     (no cloak)
SustAb .         Warding  .     (no gloves)
rMut   .         Stasis   .     (no boots)
Gourm  .                        (no amulet)
MR     .....                    (no ring)
                                A - +2 ring of evasion

@: drained, not resistant to hostile enchantments, extremely unstealthy
A: retaliatory headbutt, horns 2
a: no special abilities


You were on level 4 of the Dungeon.
You were hungry.

You visited 1 branch of the dungeon, and saw 4 of its levels.

You collected 189 gold pieces.

Inventory:

Hand weapons
 a - a +0 flail
 j - a +0 club
 u - a +0 morningstar (weapon)
Armour
 b - a +0 scale mail (worn)
 c - a +0 shield (worn)
Magical devices
 q - a wand of frost (12) {unknown}
Comestibles
 d - 8 bread rations
 k - a slice of pizza
 o - a royal jelly
 s - a meat ration
 B - a rotting chunk of goblin flesh
 C - 2 rotting chunks of goblin flesh
Scrolls
 f - 4 scrolls of teleportation {unknown}
 h - a scroll of remove curse
 p - 2 scrolls of fear {unknown}
 r - a scroll of enchant armour {unknown}
 t - 2 scrolls of amnesia
 v - 3 scrolls of identify
 y - a scroll of random uselessness {unknown}
Jewellery
 A - a +2 ring of evasion (left hand)
Potions
 e - a potion of might
 g - 2 potions of heal wounds
 i - 3 potions of curing
 l - a potion of cure mutation {unknown}
 m - 3 potions of haste {unknown}
 n - 2 potions of poison {unknown}
 w - a potion of degeneration {unknown}
 x - a potion of invisibility {unknown}
 z - a potion of confusion {unknown}


   Skills:
 * Level 6.7(6.4) Fighting
 * Level 6.0(5.6) Maces & Flails
 * Level 7.5(7.1) Armour
 - Level 3.7(3.4) Shields


You had 6 spell levels left.
You didn't know any spells.

Dungeon Overview and Level Annotations

Branches:
Dungeon (4/15)
 Temple: D:4-7

Altars:
Fedhas
Nemelex Xobeh

Shops:
D:4 !

Annotations:
D:4 exclusion: oklob plant


Innate Abilities, Weirdness & Mutations

You reflexively headbutt those who attack you in melee.
You have a pair of horns on your head.


Message History

You see here 3 fruits.
You see here 3 fruits.
You see here 3 fruits.
You hit the oklob plant.
The oklob plant is lightly damaged.
You sock the oklob plant!
The oklob plant is moderately damaged.
You hit the oklob plant.
The oklob plant is moderately damaged.
The oklob plant spits acid at you. The splash of acid hits you!
The acid burns!
* * * LOW HITPOINT WARNING * * *
You hit the oklob plant but do no damage.
You headbutt the oklob plant, but do no damage.
The oklob plant is moderately damaged.
You hit the oklob plant. You headbutt the oklob plant.
The oklob plant is heavily damaged.
The oklob plant spits acid at you. The splash of acid hits you!
You die...

#......# ##.......##
#......####....∩....#
#......)..'.........'
#.#....####.........#
#......# ##.......##
###.#### ##.....##
###################


##.PPP..PPP#PPP#P.# #.#P@PP.P#.PPP..P#PP# #PP%%%%P.##...P##PPP.
#.%..PPPPP##..#PP...P #PP#PPPP.......PPPPPP #..PPP#..≈≈.≈≈..P.PPP
#PPP#P..≈≈≈.≈≈≈..#PPP #####..≈≈≈≈.≈≈≈≈..#P. P.≈≈≈≈≈.≈≈≈≈≈.P.P P.≈≈≈≈...≈≈≈≈.PPP
You could see an oklob plant.

Vanquished Creatures
  Grinder (D:3)
  An ogre (D:4)
  An orc priest (D:4)
  2 orc wizards
  3 worker ants (D:4)
  Natasha (thrice) (D:3)
  Ijyb (D:3)
  12 adders
  3 gnolls (D:2)
  A giant mite (D:4)
  4 worms
  An adder skeleton (D:4)
  5 giant geckos
  2 oozes
  15 orcs
  14 goblins
  11 hobgoblins
  7 kobolds
  2 ball pythons (D:2)
  11 bats
  5 giant cockroaches
  3 giant newts
  A goblin skeleton (D:4)
  2 jackals (D:1)
  An orc skeleton (D:4)
  18 rats
  12 fungi (D:4)
142 creatures vanquished.

Vanquished Creatures (others)
  2 orc wizards (D:4)
2 creatures vanquished.

Grand Total: 144 creatures vanquished

Notes
Turn   | Place    | Note
--------------------------------------------------------------
     0 | D:1      | Heini, the Minotaur Fighter, began the quest for the Orb.
     0 | D:1      | Reached XP level 1. HP: 19/19 MP: 1/1
   128 | D:1      | Reached XP level 2. HP: 22/27 MP: 1/1
   201 | D:1      | Reached skill level 4 in Armour
   655 | D:1      | Reached XP level 3. HP: 33/33 MP: 2/2
  1075 | D:2      | Reached XP level 4. HP: 41/41 MP: 2/2
  1104 | D:2      | Reached skill level 5 in Armour
  1866 | D:2      | Reached XP level 5. HP: 43/47 MP: 2/2
  1874 | D:2      | Reached skill level 5 in Fighting
  2185 | D:3      | Noticed Grinder
  2197 | D:3      | Killed Grinder
  2197 | D:3      | Reached skill level 6 in Armour
  2197 | D:3      | Reached XP level 6. HP: 31/57 MP: 3/3
  2377 | D:3      | Noticed Natasha
  2381 | D:3      | Killed Natasha
  2382 | D:3      | Reached skill level 5 in Maces & Flails
  2408 | D:3      | Noticed Ijyb
  2424 | D:3      | Killed Ijyb
  2629 | D:3      | Found a sparkling altar of Nemelex Xobeh.
  2689 | D:3      | Noticed Natasha
  2696 | D:3      | Killed Natasha
  2696 | D:3      | Reached XP level 7. HP: 54/63 MP: 3/3
  2807 | D:3      | Noticed Natasha
  2811 | D:3      | Killed Natasha
  3023 | D:4      | Reached skill level 7 in Armour
  3202 | D:4      | Found Giogeq's Distillery.
  4069 | D:4      | Found a blossoming altar of Fedhas.
  4150 | D:4      | Noticed an oklob plant
  4171 | D:4      | Killed from afar by an oklob plant

Action                   |  1- 3 |  4- 6 |  7- 9 || total
-------------------------+-------+-------+-------++-------
Melee: Flail             |   109 |   137 |   105 ||   351
       Morningstar       |       |       |    78 ||    78
  Use: Scroll            |     3 |     4 |       ||     7
  Eat: Chunk             |       |     4 |     5 ||     9
       Beef jerky        |       |     1 |       ||     1
